 Dungeon Crawl Stone Soup version 0.20.1-1-g8b1a95d (webtiles) character file.

1320 polve the Spear-Bearer (level 8, 0/56 HPs)
             Began as a Merfolk Skald on July 18, 2017.
             Was an Initiate of Yredelemnul.
             Slain by Joseph
             ... wielding a +0 quarterstaff
              (8 damage)
             ... on level 7 of the Dungeon.
             The game lasted 00:11:00 (8311 turns).

polve the Spear-Bearer (Merfolk Skald)              Turns: 8311, Time: 00:11:01

Health: 0/56       AC:  5    Str: 11    XL:     8   Next: 59%
Magic:  8/11       EV: 12    Int: 14    God:    Yredelemnul [......]
Gold:   271        SH:  0    Dex: 14    Spells: 5/11 levels left

rFire    . . .     SeeInvis .   a - +1 halberd (flame)
rCold    . . .     Gourm    .   (shield currently unavailable)
rNeg     . . .     Faith    .   b - +0 leather armour
rPois    .         Spirit   .   o - +0 helmet
rElec    .         Reflect  .   (no cloak)
rCorr    +         Harm     .   (no gloves)
MR       .....                  v - +0 pair of boots
Stlth    +.........             (no amulet)
Regen    0.2/turn               D - ring of resist corrosion
MPRegen  0.2/turn               (no ring)

@: no status effects
A: change form in water, swift swim, stealthy swim
a: Renounce Religion


You were on level 7 of the Dungeon.
You worshipped Yredelemnul.
Yredelemnul was noncommittal.
You were not hungry.

You visited 2 branches of the dungeon, and saw 8 of its levels.

You collected 271 gold pieces.

Inventory:

Hand Weapons
 a - a +1 halberd of flaming (weapon)
Armour
 b - a +0 leather armour (worn)
 o - a +0 helmet (worn)
 v - a +0 pair of boots (worn)
Jewellery
 D - a ring of resist corrosion (left hand)
Scrolls
 h - 3 scrolls of remove curse
 i - 4 scrolls of enchant weapon
 j - 2 scrolls of amnesia
 l - a scroll of blinking {unknown}
 u - a scroll of random uselessness {unknown}
 w - 2 scrolls of teleportation
 y - a scroll of fear {unknown}
 B - 2 scrolls of magic mapping {unknown}
 C - a scroll of recharging {unknown}
Potions
 e - 4 potions of mutation
 g - 2 potions of invisibility
 n - a potion of ambrosia {unknown}
 p - a potion of heal wounds {unknown}
 q - a potion of agility {unknown}
 s - 3 potions of lignification
 t - 2 potions of resistance {unknown}
 A - a potion of cancellation {unknown}
Books
 c - a book of Battle

   Spells                             Type                      Level
   a - Infusion                       Charms                       1
   b - Shroud of Golubria             Charms/Translocation         2
   c - Song of Slaying                Charms                       2
   d - Spectral Weapon                Hexes/Charms                 3
   e - Regeneration                   Charms/Necromancy            3
 F - a book of Cantrips

   Spells                             Type                      Level
   a - Confusing Touch                Hexes                        1
   b - Animate Skeleton               Necromancy                   1
   c - Summon Small Mammal            Summoning                    1
   d - Apportation                    Translocation                1
Comestibles
 d - 4 bread rations
 k - 6 royal jellies
 r - 2 meat rations


   Skills:
 - Level 2.1 Fighting
 + Level 9.6 Polearms
 - Level 0.6 Armour
 - Level 2.6 Dodging
 - Level 2.0 Spellcasting
 + Level 5.7 Hexes
 + Level 5.8 Charms
 - Level 2.0 Translocations


You had 5 spell levels left.
You knew the following spells:

 Your Spells              Type           Power        Failure   Level  Hunger
a - Infusion              Chrm           ###.         2%          1    ##.....
b - Shroud of Golubria    Chrm/Tloc      ##........   10%         2    ###....
c - Spectral Weapon       Hex/Chrm       ###.....     9%          3    ####...


Dungeon Overview and Level Annotations

Branches:
Dungeon (7/15)             Temple (1/1) D:7

Altars:
Ashenzari
Dithmenos
Elyvilon
Fedhas
Gozag
Hepliaklqana
Kikubaaqudgha
Makhleb
Nemelex Xobeh
Okawaru
Sif Muna
Trog
Uskayaw
Vehumet
Xom
Yredelemnul
Zin
The Shining One

Shops:
D:5 =?

Annotations:
D:7 Joseph


Message History

Joseph shouts!
Joseph unwields an uncursed quarterstaff.
Joseph wields a runed hunting sling.
It bursts into flame!
Joseph shoots a sling bullet.
The sling bullet hits you! The sling bullet burns you.
You see here a sling bullet.
Casting: Spectral Weapon
Confirm with . or Enter, or press ? or * to list all spells.
You draw out your weapon's spirit!
Joseph shoots a sling bullet.
The sling bullet barely misses you.
Joseph shoots a sling bullet.
The sling bullet hits you!!
* * * LOW HITPOINT WARNING * * *
The sling bullet burns you!
* * * LOW HITPOINT WARNING * * *
You see here a sling bullet.
Joseph unwields an uncursed hunting sling of flaming.
It stops flaming.
Joseph wields an uncursed quarterstaff.
Joseph hits you with an uncursed quarterstaff!
You die...
Your body rises from the dead as a mindless zombie.

#.#.#
###########.....>...
#...#
#............#..####.
##..#
#...........#.....###
####
#.............###.###
#.........<.### #.#..
#...........# #.#.#
#..........## #.'.#
#..........# ###.#
#..@@(.(..(# #..
#.....)....# ###
#...$......# #
############ #


You could see Joseph and a friendly spectral halberd of flaming.

Vanquished Creatures
  Prince Ribbit (D:6)
  A water moccasin (D:5)
  A sky beast (D:5)
  A centaur (D:6)
  Blork the orc (D:5)
  2 scorpions
  A howler monkey (D:7)
  An electric eel (D:6)
  A hound (D:6)
  A jelly (D:6)
  An orc priest (D:6)
  2 bullfrog skeletons
  An iguana (D:4)
  5 worker ants
  2 orc wizards
  Robin (D:2)
  3 gnolls (D:7)
  11 adders
  An ooze (D:1)
  A worm (D:4)
  3 dart slugs
  4 leopard geckos
  9 orcs
  5 bats
  6 giant cockroaches
  20 goblins
  8 hobgoblins
  8 jackals
  5 kobolds
  A quokka (D:6)
  3 ball pythons
  7 frilled lizards
  A quokka zombie (D:6)
  8 rats
  A fungus (D:6)
128 creatures vanquished.

Notes
Turn   | Place    | Note
-------+----------+-------------------------------------------
     0 | D:1      | polve the Merfolk Skald began the quest for the Orb.
     0 | D:1      | Reached XP level 1. HP: 16/16 MP: 3/3
    40 | D:1      | Reached XP level 2. HP: 12/22 MP: 0/5
   232 | D:1      | Learned a level 2 spell: Shroud of Golubria
   825 | D:1      | Reached XP level 3. HP: 27/27 MP: 6/6
   846 | D:1      | Reached skill level 1 in Translocations
  1734 | D:2      | Reached skill level 4 in Polearms
  1959 | D:2      | Noticed Robin
  1963 | D:2      | Reached XP level 4. HP: 30/33 MP: 7/7
  2100 | D:2      | Killed Robin
  2648 | D:2      | Learned a level 3 spell: Spectral Weapon
  2957 | D:2      | Reached skill level 5 in Polearms
  2957 | D:2      | Reached skill level 1 in Hexes
  2957 | D:2      | Reached XP level 5. HP: 37/38 MP: 4/8
  3331 | D:3      | Found a shimmering altar of Xom.
  3332 | D:3      | Found a hazy altar of Hepliaklqana.
  3333 | D:3      | Noticed a spectral ugly thing
  4375 | D:4      | Reached skill level 6 in Polearms
  4375 | D:4      | Reached XP level 6. HP: 33/44 MP: 3/9
  5076 | D:5      | Entered Level 5 of the Dungeon
  5083 | D:5      | Found a glowing golden altar of the Shining One.
  5101 | D:5      | Found Yghuyl's Jewellery Shoppe.
  5224 | D:5      | Found an opulent altar of Gozag.
  5251 | D:5      | Noticed a water moccasin
  5260 | D:5      | Killed a water moccasin
  5260 | D:5      | Reached skill level 7 in Polearms
  5399 | D:5      | Noticed a sky beast
  5408 | D:5      | Killed a sky beast
  5408 | D:5      | Reached XP level 7. HP: 34/50 MP: 3/10
  5606 | D:5      | Found Tiypeuno's Magic Scroll Emporium.
  5648 | D:5      | Noticed Blork the orc
  5659 | D:5      | Killed Blork the orc
  5659 | D:5      | Reached skill level 8 in Polearms
  5795 | D:5      | Found a blossoming altar of Fedhas.
  6026 | D:5      | Found a shattered altar of Ashenzari.
  6161 | D:5      | Found an ancient bone altar of Kikubaaqudgha.
  6291 | D:6      | Noticed Prince Ribbit
  6312 | D:6      | Killed Prince Ribbit
  6312 | D:6      | Reached XP level 8. HP: 31/56 MP: 9/11
  6481 | D:6      | Reached skill level 5 in Hexes
  6481 | D:6      | Reached skill level 5 in Charms
  6742 | D:6      | Reached skill level 9 in Polearms
  7671 | D:6      | Identified a scroll of acquirement
  7997 | D:7      | Found a staircase to the Ecumenical Temple.
  8015 | D:7      | Noticed Joseph
  8034 | Temple   | Entered the Ecumenical Temple
  8263 | Temple   | Became a worshipper of Yredelemnul the Dark
  8311 | D:7      | Slain by Joseph

Skill      XL: |  1  2  3  4  5  6  7  8 |
---------------+-------------------------+-----
Charms         | 4 5 |  5.8
Translocations | 1 2 |  2.0
Polearms       | 4 5 6 7 8 9 |  9.6
Hexes          | 1 2 3 4 5 |  5.7
Fighting       | |  2.1
Armour         | |  0.6
Dodging        | |  2.6
Spellcasting   | |  2.0

Action                   |  1- 3 |  4- 6 |  7- 9 || total
-------------------------+-------+-------+-------++-------
Melee: Spear             |   127 |   251 |     8 ||   386
       Glaive            |       |       |   107 ||   107
       Halberd           |       |       |    27 ||    27
 Cast: Infusion          |     6 |    22 |     2 ||    30
       Spectral Weapon   |       |     3 |     8 ||    11
  Use: Potion            |       |     2 |     2 ||     4
       Scroll            |       |       |    11 ||    11
 Stab: Distracted        |     1 |       |       ||     1
       Sleeping          |       |       |     1 ||     1
  Eat: Chunk             |     3 |    10 |     6 ||    19
       Fruit             |       |     1 |     1 ||     2
       Meat ration       |       |       |     1 ||     1
Armor: Leather armour    |    22 |    39 |    43 ||   104
Dodge: Dodged            |    68 |    98 |    66 ||   232
